 Crawl Stoat Soup version 0.23-ish-327-79-gcf5fd2a (webtiles) character file.

193 mtr2421 the Slasher (level 5, -1/26 HPs)
             Began as a Vine Stalker Skald on Apr 19, 2024.
             Slain by a gnoll
             ... wielding a cursed +0 whip
              (3 damage)
             ... on level 3 of the Dungeon.
             The game lasted 00:04:26 (2467 turns).

mtr2421 the Slasher (Vine Stalker Skald)            Turns: 2467, Time: 00:04:27

Health: -1/26      AC:  3    Str: 15    XL:     5   Next: 72%
Magic:  0/8 (9)    EV: 11    Int: 13    God:
Gold:   95         SH:  0    Dex: 13    Spells: 7/8 levels left

rFire    . . .     SeeInvis .   a - +0 falchion
rCold    . . .     Gourm    .   (no shield)
rNeg     . . .     Faith    .   b - +0 leather armour
rPois    .         Spirit   +   (no helmet)
rElec    .         Warding  .   (no cloak)
rCorr    .         Reflect  .   (no gloves)
MR       .....     Harm     .   (no boots)
Stlth    +.........             (no amulet)
HPRegen  0.48/turn              (no ring)
MPRegen  0.11/turn              (no ring)

@: infusing, 1 MP reserved for charms, 0.01 MP regen used to sustain charms
A: fangs 2, regeneration 1, magic shield, antimagic bite, no potion heal 3, rot
immunity
a: End Permanent Enchantments


You were on level 3 of the Dungeon.
You were not hungry.

You visited 1 branch of the dungeon, and saw 3 of its levels.

You collected 95 gold pieces.

Inventory:

Hand Weapons
 a - a +0 falchion (weapon)
 e - a +2 dagger of venom
Armour
 b - a +0 leather armour (worn)
Jewellery
 o - an uncursed ring of stealth {unknown}
Scrolls
 g - a scroll of immolation {unknown}
 h - 3 scrolls of remove curse {unknown}
 j - a scroll of noise {unknown}
 k - a scroll of identify {unknown}
 m - a scroll of teleportation {unknown}
Potions
 c - a potion of magic {unknown}
 i - a potion of agility
 p - a potion of might {unknown}
Comestibles
 d - 2 bread rations
 f - 7 fruits
 l - a meat ration
 n - 2 chunks of flesh


   Skills:
 - Level 1.7 Fighting
 + Level 5.2 Long Blades
 - Level 0.7 Armour
 - Level 1.5 Dodging
 - Level 2.1 Spellcasting
 - Level 3.0 Charms


You had 7 spell levels left.
You knew the following spells:

 Your Spells              Type           Power        Failure   Level  Hunger
a - Infusion              Chrm           9/25         9%          1    ##.....

Your spell library contained the following spells:

 Spells                   Type           Power        Failure   Level  Hunger
 Song of Slaying          Chrm           9/100        14%         2    ###....
 Shroud of Golubria       Chrm/Tloc      5/50         26%         2    ###....
 Spectral Weapon          Hex/Chrm       5/100        45%         3    ####...
 Regeneration             Chrm/Necr      5/200        86%         4    #####..


Dungeon Overview and Level Annotations

Branches:
Dungeon (3/15)

Altars:
Ashenzari
Uskayaw
Vehumet


Innate Abilities, Weirdness & Mutations

You have extremely sharp teeth.
Your natural rate of healing is unusually fast.
When hurt, damage is shared between your health and your magic reserves.
Your bite disrupts and absorbs the magic of your enemies.
Potions cannot restore your health.
You are immune to rotting.


Message History

The gnoll hits you with a club.
* * * LOW HITPOINT WARNING * * *
There is an open door here.
The gnoll hits you with a club.
* * * LOW HITPOINT WARNING * * *
You barely miss the gnoll. You bite the gnoll. You drain its power.
You feel invigorated.
The gnoll is heavily wounded.
The gnoll misses you.
You riposte.
You slash the gnoll!
You kill the gnoll!
Unknown command.
You barely miss the gnoll. You bite the gnoll. You drain its power.
You feel invigorated.
The gnoll is moderately wounded.
The gnoll hits you with a whip!
* * * LOW HITPOINT WARNING * * *
You hit the gnoll. Your bite misses the gnoll.
The gnoll is heavily wounded.
The gnoll hits you with a whip.
You die...

#.......+.........)))......
#....####.......>.##.....##
####.#.## ##.......##
....... ........# ##.....##
.....## .###.##.# ##...##
.....# .# #.##.# ##'##
##.### .# #.##.## #)# .# .#
#.....# #g# .# .# ####..#
##@## .######..# ##...##
.........## #.....#
#######..<####....##
#..........## #...####.###
##### #... #####


You could see a gnoll.

Vanquished Creatures
  2 orc wizards (D:3)
  2 gnolls (D:3)
  5 adders
  An ooze (D:1)
  A dart slug (D:2)
  7 orcs (D:3)
  5 bats
  7 giant cockroaches
  4 goblins
  5 hobgoblins
  4 jackals (D:2)
  3 frilled lizards
  9 kobolds
  4 rats
59 creatures vanquished.

Vanquished Creatures (others)
  2 plants (D:1)
2 creatures vanquished.

Grand Total: 61 creatures vanquished

Notes
Turn   | Place    | Note
-------+----------+-------------------------------------------
     0 | D:1      | mtr2421 the Vine Stalker Skald began the quest for the Orb.
     0 | D:1      | Reached XP level 1. HP: 11/11 MP: 4/4
    25 | D:1      | Reached skill level 2 in Long Blades
    79 | D:1      | Reached XP level 2. HP: 12/15 MP: 6/6
   314 | D:1      | Found a shattered altar of Ashenzari.
   398 | D:1      | Reached skill level 3 in Long Blades
   482 | D:1      | Reached XP level 3. HP: 17/18 MP: 3/7
  1201 | D:2      | Found a hide-covered altar of Uskayaw.
  1566 | D:2      | Gained mutation: Your natural rate of healing is unusually
                  | fast. [Vine Stalker growth]
  1566 | D:2      | Reached XP level 4. HP: 23/23 MP: 5/8
  1712 | D:3      | Reached skill level 4 in Long Blades
  1763 | D:3      | Found a radiant altar of Vehumet.
  1857 | D:3      | Reached XP level 5. HP: 22/26 MP: 2/9
  1989 | D:3      | Reached skill level 5 in Long Blades
  2467 | D:3      | Slain by a gnoll

Vault maps used:
D:1:      dpeg_arrival_simpleton_c, chequers_big_river, ashenzari_altar_1
D:2:      eat_drink_and_be_merry_uskayaw, grunt_ministairs_15
D:3:      lemuel_doored_altar, first_bread, nrook_mini_backslash

Skill      XL: |  1  2  3  4  5 |
---------------+----------------+-----
Long Blades    | 2 3 4 5 |  5.2
Fighting       | |  1.7
Armour         | |  0.7
Dodging        | |  1.5
Spellcasting   | |  2.1
Charms         | |  3.0

Action                   |  1- 3 |  4- 6 || total
-------------------------+-------+-------++-------
Melee: Falchion          |    83 |    54 ||   137
       Bite              |    16 |    22 ||    38
 Cast: * Infusion        |    28 |    16 ||    44
  Use: Potion            |     3 |       ||     3
  Eat: Chunk             |     2 |     3 ||     5
Armor: Leather armour    |    22 |     4 ||    26
Dodge: Dodged            |    56 |    27 ||    83
       Rpst.: Falchion   |    14 |     9 ||    23
* Casting counts for permanent charms are approximate representations of how often the player would have had to cast a non-permanent spell for the same benefits.

Table legend:
 A = Spawn XP
 B = Non-spawn XP
 C = Spawn XP percentage of total XP
 D = Spawn monster count
 E = Non-spawn monster count
 F = Spawn count percentage of total count
 G = Total turns spent on level
                    A         B        C        D         E        F      G
               +---------+---------+-------+---------+---------+-------+---------
         Total |      35 |     241 |  12.7 |       5 |      54 |   8.5 |  2467
               +---------+---------+-------+---------+---------+-------+---------
           D:1 |       2 |      43 |   4.4 |       1 |      23 |   4.2 |  1068
           D:2 |       2 |      46 |   4.2 |       1 |      12 |   7.7 |   631
           D:3 |      31 |     152 |  16.9 |       3 |      19 |  13.6 |   768
               +---------+---------+-------+---------+---------+-------+---------
